 Dungeon Crawl Stone Soup version 0.28-a0-1084-ga282ea246d (webtiles) character file.

Game seed: 5582767549114811201

38 ChaosChampion the Insei (level 3, 0/23 HPs)
             Began as an Octopode Transmuter on Dec 10, 2021.
             Was a Follower of Okawaru.
             Slain by an adder (4 damage)
             ... on level 2 of the Dungeon.
             The game lasted 00:04:57 (1534 turns).

ChaosChampion the Insei (Octopode Transmuter)       Turns: 1534, Time: 00:04:58

Health: 0/23       AC:  1    Str:  9    XL:     3   Next: 43%
Magic:  6/6        EV: 13    Int: 17    God:    Okawaru [*.....]
Gold:   24         SH:  0    Dex: 12    Spells: 5/6 levels left

rFire   . . .      SeeInvis +     - Unarmed
rCold   . . .      Faith    .   (no shield)
rNeg    . . .      Spirit   .   (helmet restricted)
rPois   .          Reflect  .   (no amulet)
rElec   .          Harm     .   c - ring of see invisible
rCorr   .          Rampage  .   (no ring)
Will    .....                   (no ring)
Stlth   ++........              (no ring)
HPRegen 0.07/turn               (no ring)
MPRegen 0.10/turn               (no ring)
                                (no ring)
                                (no ring)

@: no status effects
A: almost no armour, amphibious, 8 rings, camouflage 1, gelatinous body 1,
(nimble swimmer 1), tentacles
a: Renounce Religion, Heroism


You were on level 2 of the Dungeon.
You worshipped Okawaru.
Okawaru was aware of your devotion.
You visited 1 branch of the dungeon, and saw 2 of its levels.

You collected 24 gold pieces.

Inventory:

Hand Weapons
 a - a +2 war axe of electrocution
Jewellery
 c - a ring of see invisible (left tentacle)
Potions
 b - 2 potions of curing {unknown}
 d - a potion of heal wounds {unknown}


   Skills:
 - Level 1.4 Fighting
 - Level 2.3 Dodging
 * Level 3.6 Unarmed Combat
 - Level 2.2 Spellcasting
 - Level 2.3 Transmutations


You had 5 spell levels left.
You knew the following spells:

 Your Spells              Type           Power      Damage    Failure   Level
a - Beastly Appendage     Tmut           18%        N/A       8%          1

Your spell library contained the following spells:

 Spells                   Type           Power      Damage    Failure   Level
 Wereblood                Tmut           9%         N/A       11%         2
 Apportation              Tloc           2%         N/A       19%         1
 Spider Form              Tmut/Pois      5%         N/A       34%         3
 Ice Form                 Ice/Tmut       5%         N/A       75%         4
 Fireball                 Conj/Fire      0%         3d3       99%         5
 Starburst                Conj/Fire      0%         6d3       100%        6
 Ignition                 Fire           0%         3d3       100%        8


Dungeon Overview and Level Annotations

Branches:
Dungeon (2/15)

Altars:
Okawaru


Innate Abilities, Weirdness & Mutations

You cannot wear most types of armour.
You are amphibious.
You can wear up to eight rings at the same time.
Your skin changes colour to match your surroundings (Stealth+).
Your rubbery body absorbs attacks. (AC +1, EV +1)
((You are camouflaged near water. (Stealth+)))
You have tentacles for arms and can constrict up to eight enemies at once.


Message History

There is a stone staircase leading up here.
You now have 24 gold pieces (gained 14).
Found a smoky brown potion.
d - a sapphire potion A rat comes into view.
An adder comes into view.
You see here a smoky brown potion.
b - 2 smoky brown potions (gained 1)
The adder hisses angrily.
You barely miss the adder. Your grab misses the adder.
You tentacle-slap the adder, but do no damage.
The adder bites you.
You are poisoned.
The adder poisons you!
You tentacle-slap the adder. Your grab misses the adder.
The adder is moderately wounded.
You feel sick. The adder closely misses you.
You tentacle-slap the adder. Your grab misses the adder.
The adder is heavily wounded.
You feel sick. The adder closely misses you.
You barely miss the adder. Your grab misses the adder.
The adder is heavily wounded.
You feel sick. The adder misses you.
An endoplasm comes into view.
The adder closely misses you.
You miss the adder.
The endoplasm quivers.
Your grab misses the adder.
The adder is heavily wounded.
You feel sick. The adder bites you.
You tentacle-slap the adder. Your grab misses the adder.
The adder is severely wounded.
You feel sick. The adder bites you.
You feel sick.
You are no longer poisoned.
The adder bites you.
* * * LOW HITPOINT WARNING * * *
The adder bites you but does no damage. The adder bites you.
You die...

######
.###....#
r.......######
.........J.S.#
########.###@#
#.##..#
#J.#.##
##.#.###
#.....#
#.......#
..........#
..........###
..........#


You could see an adder and an endoplasm.

Vanquished Creatures
  3 ball pythons (D:1)
  2 bats (D:1)
  4 endoplasms (D:1)
  4 giant cockroaches (D:1)
  5 goblins (D:1)
  4 hobgoblins (D:1)
  3 kobolds (D:1)
  A quokka (D:1)
  3 frilled lizards (D:1)
  4 rats (D:1)
33 creatures vanquished.

Notes
Turn   | Place    | Note
-------+----------+-------------------------------------------
     0 | D:1      | ChaosChampion the Octopode Transmuter began the quest for
                  | the Orb.
     0 | D:1      | Reached XP level 1. HP: 13/13 MP: 3/3
   248 | D:1      | Found a faded altar of an unknown god.
   258 | D:1      | Reached XP level 2. HP: 15/18 MP: 5/5
   263 | D:1      | Got Plato's Incunabulum of Translocation
   264 | D:1      | Prayed at the altar of an unknown god.
   264 | D:1      | Became a worshipper of Warmaster Okawaru
   264 | D:1      | Reached * piety under Okawaru
   873 | D:1      | Reached XP level 3. HP: 22/23 MP: 6/6
  1534 | D:2      | Slain by an adder

Illustrated notes

Levels and vault maps discovered:
D:1:      tarquinn_simple_flora_water_d, layout_loops_cross,
          shapermc_ecumenical_altar_rom_forum, minmay_parallelograms,
          kennysheep_nondescript, patterned_corridor
D:2:      layout_rooms, nrook_campfire, kennysheep_generic_room_11

Action                   || total
-------------------------++-------
Melee: Unarmed           ||    78
       Kick              ||     4
       Constrict         ||    19
       Tentacles         ||    11
       Punch             ||     2
 Cast: Beastly Appendage ||     1
 Stab: Sleeping          ||     8
Armor: Skin              ||     5
Dodge: Dodged            ||    29

Table legend: (Time is in decaauts)
 A = Elapsed time spent in this place.
 B = Non-inter-level travel time spent in this place.
 C = Inter-level travel time spent in this place.
 D = Time resting spent in this place.
 E = Time spent auto-exploring this place.
 F = Levels seen in this place.
 G = Mean time per level.
                   A        B        C        D        E       F      G
               +--------+--------+--------+--------+--------+-----+--------+
         Total |   1529 |   1529 |      0 |    135 |   1089 |   2 |  764.5 |
       Dungeon |   1529 |   1529 |      0 |    135 |   1089 |   2 |  764.5 |
               +--------+--------+--------+--------+--------+-----+--------+

Top non-repeatable levels by time:
     D:1: 1502 daAuts
     D:2: 26 daAuts
